AoeStats
← Minmaj

Oasis

509458799Analyzed
4v4 RM · 5d ago on Sep 26, 2026· 30m 26s· 8 players
Game mode
Random Map
Map size
Large (8 player)
Population
200
Speed
Normal
Resources
Standard
Victory
Conquest
Starting age
Dark Age
Ending age
Imperial Age
RankedLock teamsTeams togetherTeam positionsShared explorationLock speedFull tech treeHidden civsTurbo modeCheats
Victory
Defeat
🇷🇺 Britons · Russia
1286
+9
🇷🇺 Varangians · Russia
1173
+13
🇷🇺 Khmer · Russia
1049
+18
🇷🇺 Burgundians · Russia
712
+29
🇨🇦 Magyars · Canada
1118
-18
🇫🇷 Ethiopians · France
1100
-17
🇹🇷 Franks · Türkiye
1088
-17
🇺🇸 Japanese · United States
1064
-17
Lizard Bro
9:01 Loom
10:54 Feudal Age
16:24 Castle Age
14:35 Double-Bit Axe
14:35 Horse Collar
16:41 Fletching
18:31 Crossbowman
19:17 Padded Archer Armor
26:13 Leather Archer Armor
28:41 Town Watch
Minmaj
8:49 Loom
11:00 Feudal Age
12:50 Wheelbarrow
16:51 Castle Age
16:18 Double-Bit Axe
18:44 Scale Barding Armor
20:45 Forging
22:38 Husbandry
24:55 Hand Cart
27:11 Gold Mining
27:36 Bow Saw
MrsCrow
10:11 Feudal Age
11:02 Loom
19:08 Double-Bit Axe
27:20 Fletching
scott.hurstell
6:01 Loom
13:26 Feudal Age
13:54 Double-Bit Axe
14:07 Horse Collar
22:53 Castle Age
25:01 Bow Saw
24:52 Heavy Plow
26:16 Forging
27:14 Scale Mail Armor
roman.gringo
8:03 Loom
10:42 Feudal Age
13:58 Fletching
22:41 Castle Age
20:48 Double-Bit Axe
21:17 Gold Mining
22:53 Wheelbarrow
22:42 Crossbowman
23:41 Bodkin Arrow
23:47 Padded Archer Armor
24:29 Bow Saw
27:01 Ballistics
27:00 Leather Archer Armor
rusnexto
7:20 Loom
12:51 Feudal Age
15:05 Double-Bit Axe
18:11 Castle Age
16:01 Horse Collar
25:30 Arson
Wst2
5:02 Loom
10:55 Feudal Age
15:34 Castle Age
18:01 Wheelbarrow
17:15 Double-Bit Axe
17:12 Horse Collar
23:10 Bow Saw
23:02 Heavy Plow
28:06 Imperial Age
25:46 Gold Mining
26:54 Scale Barding Armor
26:58 Husbandry
27:09 Bloodlines
28:04 Gold Shaft Mining
28:10 Chain Barding Armor
29:50 Forging
31:15 Plate Barding Armor
Smychik
3:53 Double-Bit Axe
6:35 Loom
7:08 Loom
9:54 Feudal Age
10:48 Bow Saw
13:01 Wheelbarrow
12:47 Scale Mail Armor
12:50 Arson
13:17 Forging
13:38 Horse Collar
23:40 Gold Mining
25:01 Hand Cart
30:48 Castle Age
29:57 Gold Shaft Mining
29:24 Heavy Plow
Connection lost

Rejoining the realm…

Still unreachable

The connection could not be restored.

Session expired

The server has moved on; the page needs a fresh start.